 Dungeon Crawl Stone Soup version 0.27.1-4-g1640c2035a (webtiles) character file.

Game seed: 14003676395873212531

2 lonewolfV2 the Firebug (level 1, 0/14 HPs)
             Began as a Draconian Fire Elementalist on Nov 15, 2021.
             Slain by a kobold (2 damage)
             ... on level 1 of the Dungeon.
             The game lasted 00:00:50 (64 turns).

lonewolfV2 the Firebug (Draconian Fire Elementalist)  Turns: 64, Time: 00:00:50

Health: 0/14       AC:  4    Str: 10    XL:     1   Next: 33%
Magic:  0/3        EV: 12    Int: 15    God:
Gold:   13         SH:  0    Dex: 11    Spells: 3/4 levels left

rFire    . . .     SeeInvis .   (no weapon)
rCold    . . .     Faith    .   (no shield)
rNeg     . . .     Spirit   .   (armour unavailable)
rPois    .         Reflect  .   (helmet restricted)
rElec    .         Harm     .   (no cloak)
rCorr    .         Rampage  .   (no gloves)
Will     .....                  (no boots)
Stlth    ++........             (no amulet)
HPRegen  0.04/turn              (no ring)
MPRegen  0.08/turn              (no ring)

@: no status effects
A: AC +4, unfitting armour, cold-blooded
a: no special abilities


You were on level 1 of the Dungeon.
You visited 1 branch of the dungeon, and saw 1 of its levels.

You collected 13 gold pieces.

You aren't carrying anything.


   Skills:
 + Level 1.9 Dodging
 + Level 1.7 Stealth
 + Level 2.0 Spellcasting
 + Level 1.0 Conjurations
 + Level 3.1 Fire Magic


You had 3 spell levels left.
You knew the following spells:

 Your Spells              Type           Power      Damage    Failure   Level
a - Foxfire               Conj/Fire      28%        2x1d5     10%         1

Your spell library contained the following spells:

 Spells                   Type           Power      Damage    Failure   Level
 Conjure Flame            Conj/Fire      7%         6-21      28%         3
 Inner Flame              Hex/Fire       6%         N/A       34%         3
 Sticky Flame             Conj/Fire      7%         2d3       67%         4
 Fireball                 Conj/Fire      3%         3d4       95%         5


Dungeon Overview and Level Annotations

Branches:
Dungeon (1/15)

Altars:


Innate Abilities, Weirdness & Mutations

Your plain brown scales are hard. (AC +4)
You cannot fit into any form of body armour.
You are cold-blooded and may be slowed by cold attacks.


Message History

The jackal bites you. x2
You hit the jackal.
The jackal is moderately wounded.
The jackal barely misses you. The jackal bites you.
A rat comes into view.
The jackal misses you. The endoplasm closely misses you.
You hit the jackal but do no damage.
You tail-slap the jackal, but do no damage.
The jackal is severely wounded.
The jackal closely misses you. The jackal barely misses you.
The jackal bites you but does no damage.
The jackal barely misses you. The jackal misses you.
The endoplasm hits you but does no damage.
The jackal barely misses you.
You conjure some foxfire!
The jackal barely misses you.
The jackal bites you but does no damage.
The jackal barely misses you. The endoplasm hits you.
You are too injured to fight recklessly!
You are too injured to fight recklessly!
You are too injured to fight recklessly!
You barely miss the jackal.
The jackal is severely wounded.
The foxfire hits the jackal.
You kill the jackal!
The foxfire hits the jackal.
The jackal is heavily wounded.
The jackal closely misses you. The jackal misses you. The endoplasm misses you.
The jackal closely misses you. x2
You are too injured to fight recklessly!
You closely miss the kobold. You tail-slap the kobold.
The kobold is severely wounded.
The kobold hits you with a +0 dagger.
* * * LOW HITPOINT WARNING * * *
The jackal bites you.
* * * LOW HITPOINT WARNING * * *
The jackal barely misses you. The endoplasm closely misses you.
You completely miss the kobold.
The kobold is moderately wounded.
The jackal misses you. The kobold hits you with a +0 dagger.
You die...

.......#..........
.##...##..........
#+##....###....#
###...#......
##...........
#§v..........
#.....=......
#####......##
#..Jh@......#
.....KJKh......
.......rr......
...............
...............
...............
...............
...............


You could see 2 endoplasms, 2 jackals, 2 kobolds and 2 rats.

Vanquished Creatures
  A bat (D:1)
  A jackal (D:1)
2 creatures vanquished.

Vanquished Creatures (others)
  6 foxfires (D:1)
6 creatures vanquished.

Grand Total: 8 creatures vanquished

Notes
Turn   | Place    | Note
-------+----------+-------------------------------------------
     0 | D:1      | lonewolfV2 the Draconian Fire Elementalist began the quest
                  | for the Orb.
     0 | D:1      | Reached XP level 1. HP: 14/14 MP: 3/3
    64 | D:1      | Slain by a kobold

Illustrated notes

Levels and vault maps discovered:
D:1:      dpeg_arrival_houses_and_road, layout_rooms

Action                   || total
-------------------------++-------
Melee: Unarmed           ||     6
       Tailslap          ||     2
 Cast: Foxfire           ||     4
Armor: Skin              ||     4
Dodge: Dodged            ||    19
